 Dungeon Crawl Stone Soup version 0.24-a0-586-g8e0e932 (webtiles) character file.

Game seed: 4507186079966236844, levelgen mode: deterministic

55 COBRA the Chopper (level 3, -7/34 HPs)
             Began as a Hill Orc Fighter on Sept 7, 2019.
             Mangled by an ogre
             ... wielding a +0 giant club
              (12 damage)
             ... on level 4 of the Dungeon.
             The game lasted 00:02:11 (565 turns).

COBRA the Chopper (Hill Orc Fighter)                 Turns: 565, Time: 00:02:11

Health: -7/34      AC:  6    Str: 24    XL:     3   Next: 93%
Magic:  3/3        EV:  7    Int:  8    God:
Gold:   43         SH:  9    Dex:  8    Spells: 2/2 levels left

rFire    . . .     SeeInvis .   a - +0 war axe
rCold    . . .     Gourm    .   c - +0 shield
rNeg     . . .     Faith    .   b - +0 scale mail
rPois    .         Spirit   .   (no helmet)
rElec    .         Reflect  .   (no cloak)
rCorr    .         Harm     .   (no gloves)
MR       .....                  (no boots)
Stlth    ..........             (no amulet)
HPRegen  0.11/turn              (no ring)
MPRegen  0.08/turn              (no ring)

@: mighty
A: clumsy 1, robust 1
a: no special abilities


You were on level 4 of the Dungeon.
You were not hungry.

You visited 1 branch of the dungeon, and saw 4 of its levels.

You collected 43 gold pieces.

Inventory:

Hand Weapons
 a - a +0 war axe (weapon)
Armour
 b - a +0 scale mail (worn)
 c - a +0 shield (worn)
Scrolls
 g - 2 scrolls of teleportation {unknown}
 h - a scroll of identify {unknown}
 i - a scroll of fog {unknown}
Comestibles
 f - 4 rations


   Skills:
 - Level 3.6 Fighting
 * Level 5.5 Axes
 - Level 3.2 Armour
 - Level 3.2 Shields


You had 2 spell levels left.
You didn't know any spells.
Your spell library was empty.

Dungeon Overview and Level Annotations

Branches:
Dungeon (4/15)
 Temple: D:4-7

Altars:


Innate Abilities, Weirdness & Mutations

You are clumsy. (Dex -2)
You are robust. (+10% HP)


Message History

The ogre hits you with a +0 giant club!
Ouch! That really hurt!
The giant cockroach barely misses you.
There is a stone staircase leading up, spattered with blood here.
The giant cockroach closely misses you.
Found a scroll labeled APLECK NEHOQA.
The giant cockroach closely misses you. You block the giant cockroach's attack.
The giant cockroach barely misses you.
It was a potion of mutation.
You feel extremely strange.
You feel clumsy.
You feel robust.
The giant cockroach bites you but does no damage.
You feel very mighty all of a sudden.
The giant cockroach bites you but does no damage.
The ogre hits you with a +0 giant club!
* * * LOW HITPOINT WARNING * * *
You are too injured to fight recklessly!
You barely miss the ogre. You hit the giant cockroach.
You block the giant cockroach's attack. The ogre hits you with a +0 giant club!
You die...

#.............
#.............
#.............
#............. ##
#............. ####..
##.....[.......
#.....###..............
.......#O.#............
.......@s###.......?..#
......#### ##......####
##### ########


You could see an ogre and a giant cockroach.

Vanquished Creatures
  A worker ant (D:3)
  An adder (D:3)
  An ooze (D:1)
  A leopard gecko (D:1)
  An orc (D:3)
  4 bats
  A giant cockroach (D:1)
  A goblin (D:3)
  2 hobgoblins (D:1)
  A kobold (D:1)
  2 frilled lizards (D:1)
16 creatures vanquished.

Notes
Turn   | Place    | Note
-------+----------+-------------------------------------------
     0 | D:1      | COBRA the Hill Orc Fighter began the quest for the Orb.
     0 | D:1      | Reached XP level 1. HP: 19/19 MP: 1/1
    41 | D:1      | Reached skill level 3 in Axes
    79 | D:1      | Reached XP level 2. HP: 26/26 MP: 2/2
   136 | D:1      | Reached skill level 4 in Axes
   270 | D:4      | Noticed an ogre
   357 | D:3      | Reached XP level 3. HP: 29/31 MP: 3/3
   366 | D:3      | Reached skill level 5 in Axes
   563 | D:4      | Gained mutation: You are clumsy. (Dex -2) [potion of
                  | mutation]
   563 | D:4      | Gained mutation: You are robust. (+10% HP) [potion of
                  | mutation]
   565 | D:4      | Mangled by an ogre

Levels and vault maps discovered:
D:1:      elethiomel_arrival_maze, layout_basic, minmay_tromino_v2
D:2:      layout_loops_ring, nicolae_ru_path_of_blood, minmay_fountain_box
D:3:      layout_basic, first_ration
D:4:      layout_cave_pods, nicolae_overflow_hidden_temple, uniq_duvessa

Skill      XL: |  1  2  3 |
---------------+----------+-----
Axes           | 3 4 5 |  5.5
Fighting       | |  3.6
Armour         | |  3.2
Shields        | |  3.2

Action                   || total
-------------------------++-------
Melee: War axe           ||    67
  Use: Potion            ||     2
Armor: Scale mail        ||    39
Dodge: Dodged            ||    30
Block: Shield            ||    49

Table legend:
 A = Non-vault XP
 B = Vault XP
 C = Vault XP percentage of total XP
 D = Non-vault monster count
 E = Vault monster count
 F = Vault count percentage of total count
                 A         B        C        D         E       F
            +---------+---------+-------+---------+---------+-------
      Total |      79 |       0 |   0.0 |      16 |       0 |   0.0
            +---------+---------+-------+---------+---------+-------
        D:1 |      24 |       0 |   0.0 |      10 |       0 |   0.0
        D:3 |      55 |       0 |   0.0 |       6 |       0 |   0.0
            +---------+---------+-------+---------+---------+-------
